Map: Ice and Chrome LE

Players

LiquidTLO (TLO)

  • Race: Zerg Zerg
  • League: Master
  • Spawn Location: 7:00

Neeb - Winner!

  • Race: Protoss Protoss
  • Spawn Location: 1:00

Event: DreamHack SC2 Masters 2020 Summer North America

VOD

Have the link to the VOD?

Description

Time

  • Played on: July 3, 2020, 3:24 p.m.
  • Length: 13:21

All games in this series

Show
View Real Time Build Order
Export as new Build Order

LiquidTLO Zerg 

Build Orders: Hatch First, Lurkers 

Get SALT Encoding   

  12  0:00  Drone  
  13  0:12  Overlord  
  13  0:16  Drone  
  14  0:30  Drone x2  
  16  0:46  Drone  
  16  0:47  Drone  
  18  0:54  Hatchery  
  17  0:58  Drone  
  18  1:05  Extractor  
  17  1:12  Spawning Pool  
  17  1:16  Drone  
  17  1:20  Drone  
  18  1:28  Drone  
  19  1:38  Drone  
  20  1:49  Drone  
  21  1:59  Overlord  
  21  2:01  Extractor, Queen  
  21  2:04  Metabolic Boost  
  21  2:07  Queen  
  25  2:09  Zergling x2  
  25  2:12  Zergling x2  
  27  2:18  Drone  
  27  2:21  Drone  
  29  2:28  Drone  
  30  2:32  Drone  
  31  2:39  Hatchery  
  31  2:42  Zergling x2  
  31  2:44  Drone  
  31  2:50  Queen  
  34  2:56  Overlord  
  34  2:58  Drone  
  34  3:01  Drone  
  35  3:05  Overlord  
  35  3:11  Overlord  
  35  3:12  Drone  
  36  3:16  Zergling x2  
  36  3:17  Drone  
  36  3:18  Drone  
  39  3:24  Queen  
  41  3:32  Drone  
  41  3:35  Drone, Overlord  
  41  3:40  Drone  
  43  3:43  Drone  
  43  3:44  Queen  
  46  3:50  Overlord  
  46  3:52  Drone  
  46  3:54  Drone  
  48  3:57  Drone x2  
  48  3:59  Drone  
  51  4:06  Spore Crawler  
  51  4:07  Drone  
  51  4:08  Spore Crawler  
  51  4:09  Drone  
  51  4:11  Drone  
  51  4:13  Spore Crawler  
  51  4:17  Drone  
  51  4:18  Drone  
  51  4:20  Drone  
  51  4:21  Drone x2  
  56  4:29  Drone, Overlord  
  56  4:30  Overlord  
  57  4:32  Lair  
  57  4:35  Extractor  
  57  4:36  Drone  
  57  4:37  Drone  
  57  4:38  Drone  
  59  4:40  Drone  
  59  4:41  Extractor  
  59  4:46  Baneling Nest  
  59  4:48  Drone, Zergling x2  
  59  4:49  Overlord  
  59  4:52  Drone  
  60  4:53  Overlord  
  60  4:55  Drone  
  60  4:56  Drone  
  60  4:59  Drone  
  64  5:00  Zergling x4  
  64  5:01  Zergling x2  
  64  5:04  Drone  
  64  5:06  Drone  
  68  5:07  Drone x2  
  71  5:14  Drone x2  
  71  5:16  Drone x3  
  71  5:17  Drone  
  71  5:18  Drone  
  71  5:21  Drone  
  78  5:22  Drone  
  78  5:24  Drone  
  78  5:25  Queen  
  78  5:27  Drone  
  83  5:29  Centrifical Hooks  
  83  5:30  Drone  
  84  5:36  Drone  
  84  5:37  Hydralisk Den  
  84  5:38  Drone x2  
  84  5:40  Zergling x2  
  84  5:41  Zergling x2, Extractor  
  87  5:43  Drone, Extractor, Zergling x2  
  87  5:44  Drone  
  87  5:46  Drone, Zergling x2  
  87  5:47  Drone  
  92  5:51  Extractor  
  92  5:56  Drone, Overlord  
  92  5:57  Zergling x2  
  92  6:00  Zergling x4  
  92  6:03  Drone  
  95  6:05  Drone  
  95  6:06  Drone  
  95  6:07  Zergling x2  
  95  6:09  Grooved Spines  
  96  6:12  Hatchery  
  96  6:13  Hydralisk x2  
  96  6:14  Spore Crawler  
  96  6:16  Drone  
  96  6:17  Drone  
  100  6:19  Hydralisk, Overlord  
  100  6:22  Hydralisk  
  100  6:23  Hydralisk  
  100  6:24  Baneling x2  
  100  6:25  Baneling x2  
  106  6:26  Drone  
  106  6:28  Drone  
  106  6:29  Drone  
  105  6:37  Drone x2  
  105  6:41  Drone  
  105  6:43  Baneling  
  105  6:44  Baneling  
  105  6:45  Hydralisk  
  105  6:46  Drone x6  
  109  7:00  Hydralisk  
  104  7:01  Hydralisk  
  104  7:03  Overlord  
  104  7:05  Overlord  
  105  7:09  Overlord x3  
  105  7:10  Overlord  
  105  7:11  Overlord  
  105  7:13  Overlord  
  104  7:19  Overlord  
  104  7:20  Muscular Augments  
  104  7:25  Overlord  
  104  7:27  Hydralisk x7  
  118  7:31  Hydralisk x2  
  118  7:33  Zergling x2  
  123  7:37  Hydralisk  
  123  7:39  Hydralisk  
  123  7:40  Hydralisk  
  129  7:44  Hydralisk x2  
  129  7:46  Zergling x2  
  129  7:47  Zergling x2  
  129  7:48  Zergling x2  
  134  7:53  Hydralisk x2  
  134  7:54  Drone  
  134  7:56  Drone x2  
  136  7:59  Zergling x4  
  136  8:01  Zergling x4  
  136  8:02  Zergling x2  
  136  8:04  Overseer, Zergling x2  
  142  8:05  Zergling x2  
  142  8:07  Zergling x2  
  142  8:08  Baneling  
  142  8:09  Baneling x4  
  142  8:10  Baneling x2  
  142  8:11  Baneling  
  142  8:12  Baneling x2  
  144  8:13  Baneling x2  
  144  8:14  Baneling  
  144  8:16  Zergling x2  
  145  8:20  Zergling x8  
  145  8:21  Overseer  
  145  8:23  Zergling x2  
  145  8:24  Zergling x2  
  149  8:27  Zergling x2  
  149  8:29  Zergling x2  
  149  8:30  Zergling x2  
  148  8:37  Zergling x2  
  148  8:38  Baneling x6  
  147  8:42  Zergling x2  
  147  8:43  Hydralisk x3  
  147  8:45  Zergling x2  
  147  8:47  Zergling x4  
  157  8:48  Zergling x2  
  157  8:49  Zergling x2  
  157  8:52  Baneling x7  
  157  8:54  Hydralisk  
  159  8:57  Hydralisk  
  159  8:59  Hydralisk  
  152  9:04  Hydralisk  
  152  9:05  Zergling x2  
  152  9:15  Zergling x2  
  152  9:16  Zergling x4  
  144  9:17  Zergling x2  
  144  9:18  Zergling x2  
  144  9:19  Zergling x4  
  144  9:20  Zergling x2  
  144  9:23  Hydralisk  
  144  9:24  Hydralisk x2  
  116  9:26  Zergling x2  
  116  9:28  Zergling x2  
  116  9:29  Zergling x2  
  112  9:31  Zergling x2  
  112  9:32  Zergling x2  
  112  9:33  Zergling x2  
  112  9:34  Zergling x2  
  112  9:50  Hydralisk x5  
  112  9:52  Zergling x2  
  123  9:54  Zergling x2  
  123  9:58  Lurker Den  
  123  10:00  Zergling x4  
  123  10:01  Zergling x2  
  123  10:05  Hydralisk x2  
  129  10:13  Zergling x8  
  133  10:16  Overlord  
  133  10:19  Overlord  
  128  10:29  Hydralisk x3  
  132  10:40  Overlord  
  128  10:55  Lurker x6  
  128  10:56  Lurker x6  
  140  11:02  Hydralisk x5  
  148  11:04  Zergling x2  
  148  11:05  Zergling x2  
  148  11:07  Overseer x2  
  150  11:11  Overseer x2  
  150  11:12  Hydralisk  
  150  11:17  Zergling x4  
  153  11:19  Hydralisk  
  153  11:20  Zergling x2  
  155  11:28  Baneling x4  
  155  11:29  Baneling x3  
  155  11:31  Hydralisk  
  155  11:32  Hydralisk  
  159  11:33  Zergling x2  
  159  11:34  Zergling x2  
  159  11:36  Hydralisk  
  156  11:48  Hydralisk x2  
  153  11:57  Hydralisk  
  153  11:58  Hydralisk  
  153  12:00  Hydralisk x2  
  155  12:03  Hydralisk x3  
Show
View Real Time Build Order
Export as new Build Order

Neeb Protoss - Winner!

Build Orders: 1 Gate Expand, Oracle Opening, Phoenix Opening, Archon Immortal, Mass Phoenix 

Get SALT Encoding   

  12  0:00  Probe  
  13  0:12  Probe  
  14  0:20  Pylon  
  14  0:24  Probe  
  15  0:34  Probe  
  15  0:40  Gateway  
  15  0:42  Probe  
  17  0:51  Assimilator  
  17  0:53  Probe  
  18  1:05  Probe  
  19  1:18  Probe  
  20  1:27  Nexus  
  20  1:35  Cybernetics Core  
  20  1:39  Probe  
  21  1:45  Assimilator  
  21  1:51  Probe  
  21  1:53  Pylon  
  22  1:59  Probe  
  22  2:01  Adept  
  22  2:07  Probe  
  26  2:17  Probe  
  27  2:24  Adept, Stargate  
  27  2:29  Probe  
  30  2:38  Warp Gate  
  30  2:41  Probe x2  
  32  2:50  Gateway  
  32  2:53  Probe x2  
  32  2:55  Adept  
  36  3:02  Phoenix  
  36  3:05  Probe  
  37  3:06  Probe  
  40  3:14  Pylon  
  40  3:17  Probe  
  40  3:19  Probe  
  42  3:23  Oracle  
  42  3:29  Probe  
  46  3:34  Probe  
  45  3:41  Probe  
  45  3:43  Assimilator  
  45  3:46  Assimilator, Probe  
  47  3:50  Pylon  
  47  3:53  Probe  
  48  3:59  Probe  
  48  4:02  Stargate  
  49  4:05  Probe  
  50  4:11  Probe  
  50  4:13  Phoenix  
  53  4:17  Gateway  
  53  4:18  Probe  
  53  4:19  Pylon  
  53  4:21  Pylon  
  53  4:23  Probe  
  55  4:27  Adept x2  
  55  4:30  Probe  
  60  4:35  Probe  
  61  4:40  Pylon  
  61  4:41  Phoenix  
  61  4:42  Probe  
  64  4:48  Probe  
  64  4:52  Phoenix  
  64  4:54  Probe  
  67  5:01  Nexus  
  67  5:03  Phoenix, Pylon  
  67  5:07  Pylon  
  67  5:09  Phoenix  
  69  5:19  Probe x2  
  73  5:23  Adept  
  75  5:29  Phoenix, Robotics Facility  
  75  5:33  Probe  
  78  5:36  Probe  
  78  5:37  Sentry  
  78  5:40  Phoenix  
  83  5:47  Forge  
  83  5:50  Probe  
  83  5:52  Probe  
  85  5:57  Sentry  
  85  5:58  Shield Battery  
  85  6:01  Twilight Council, Probe  
  85  6:03  Probe  
  88  6:09  Probe  
  88  6:10  Sentry, Observer  
  88  6:11  Probe  
  87  6:14  Probe  
  87  6:17  Probe  
  91  6:19  Probe  
  93  6:26  Probe  
  93  6:28  Immortal, Probe  
  93  6:31  Probe  
  100  6:32  Assimilator  
  100  6:33  Protoss Ground Weapons Level 1  
  100  6:34  Assimilator  
  100  6:36  Pylon  
  100  6:48  Probe  
  100  6:49  Probe x2  
  100  6:52  Gateway, Charge  
  100  6:53  Gateway  
  103  6:55  Gateway  
  103  6:56  Immortal  
  103  7:00  Stalker x2  
  105  7:01  Probe  
  110  7:10  Probe x2  
  110  7:15  Gateway, Templar Archives  
  112  7:18  Gateway  
  112  7:26  Warp Prism  
  112  7:28  Pylon  
  112  7:29  Photon Cannon, Pylon  
  112  7:31  Pylon x2  
  112  7:35  Zealot  
  112  7:36  Photon Cannon  
  116  7:41  Pylon  
  116  7:44  Gateway  
  116  7:46  Gateway  
  116  7:55  Warp Prism, High Templar x4  
  116  7:56  Zealot x2  
  126  8:00  Archon x2, Pylon  
  126  8:02  Pylon  
  128  8:09  Zealot  
  130  8:13  Pylon  
  130  8:14  Pylon  
  130  8:17  Photon Cannon  
  130  8:18  High Templar  
  130  8:19  Protoss Ground Weapons Level 2, High Templar, Zealot  
  136  8:29  Shield Battery  
  136  8:32  Immortal  
  136  8:33  Shield Battery  
  136  8:38  Archon  
  136  8:40  Zealot x4  
  136  8:41  Zealot x2  
  146  8:46  Shield Battery  
  150  9:00  High Templar x2  
  148  9:05  Archon  
  148  9:07  Zealot x2  
  148  9:08  Zealot x4  
  160  9:12  Immortal  
  119  9:29  High Templar x2  
  119  9:30  High Templar, Zealot x3  
  121  9:35  Archon  
  121  9:37  High Templar  
  123  9:41  Immortal  
  123  9:44  Archon  
  123  9:50  Sentry  
  123  9:52  Nexus, Pylon  
  129  9:56  Pylon  
  129  10:04  High Templar x2  
  129  10:05  Zealot x4  
  141  10:09  Archon  
  141  10:13  Photon Cannon  
  141  10:14  Psionic Storm  
  141  10:15  Photon Cannon, Probe x2  
  141  10:16  Shield Battery  
  141  10:20  Photon Cannon  
  141  10:29  High Templar x2  
  141  10:30  Zealot x4  
  141  10:31  Probe x2  
  141  10:32  Probe  
  156  10:42  Zealot x2  
  154  10:43  Probe  
  154  10:44  Probe  
  156  10:51  High Templar x2  
  156  10:56  Zealot  
  162  10:57  Zealot  
  162  11:02  Immortal  
  162  11:03  Photon Cannon, Assimilator  
  168  11:06  Assimilator  
  168  11:13  High Templar x2, Zealot x2  
  172  11:21  Photon Cannon  
  172  11:26  Archon  
  172  11:28  Zealot x2  
  172  11:29  Zealot x2  
  178  11:41  Immortal  
  182  11:53  Zealot x7  
  182  11:54  Zealot  
  186  12:02  Oracle  
  161  12:21  Immortal  
Tags
 
Add a new tag
Caveats
  • Supply blocks, unpowered buildings, or Contaminate may cause inaccurate times.
  • Supply counts are checked every 10 seconds.